 Dungeon Sprint DCSS version 0.31-a0-664-g902f515a81 (webtiles) character file.

Game seed: 71773801107916951

918 rocky1 the Martial Artist (level 8, 0/58 HPs)
             Began as a Djinni Shapeshifter on Sept 3, 2023.
             Was an Initiate of Gozag.
             Slain by a boulder beetle (22 damage)
             ... in the Dungeon (Sprint VII: "The Pits").
             The game lasted 00:03:05 (786 turns).

rocky1 the Martial Artist (Djinni Shapeshifter)      Turns: 786, Time: 00:03:06

Health: 0/58       AC: 10    Str: 13    XL:     8   Next: 31%
Gold:   1548       EV: 11    Int: 14    God:    Gozag SH:  0 Dex: 13

rFire   + +          .
                       - Unarmed
rCold   x . .        (no shield)
rNeg    . . .        s - +4 scale mail
rPois   ∞            (helmet currently unavailable)
rElec   .            (cloak currently unavailable)
rCorr   .            (gloves currently unavailable)
SInv    .            (boots unavailable)
Will    .....        (no amulet) Stlth
                     (no ring)
HPRegen 0.29/turn    (no ring)
MPRegen 0.00/turn

%: no teleportation, infuse magic (-1 HP)
@: beast-form, on berserk cooldown, flying, hasted and slowed
A: beast (slay +4), flying, sickness immunity, fire resistance 2, cold
vulnerability 1, float, innate caster, HP casting, extra vitality 1
a: Begin Untransformation, Renounce Religion, Potion Petition, Call Merchant,
Bribe Branch


You were in the Dungeon.
You worshipped Gozag.
Gozag was most pleased with you.
You were a hulking beast.
You visited 1 branch You collected 1548 gold pieces.

Inventory:

Hand Weapons
 u - a +2 scimitar of flaming
Armour
 a - a +0 animal skin
 m - a +3 scale mail
 s - a +4 scale mail (worn)
 t - a +0 pair of gloves
Jewellery
 n - a +3 ring of strength
 o - a +3 ring of protection
Talismans
 c - a beast talisman (active)
 d - a flux talisman
Scrolls
 i - a scroll of blinking
 k - 2 scrolls of vulnerability
 l - a scroll of summoning
Potions
 b - a potion of lignification
 e - 8 potions of curing
 f - 4 potions of heal wounds
 h - a potion of berserk rage
 j - 2 potions of invisibility
 p - 2 potions of might
 q - a potion of resistance
 r - a potion of brilliance


   Skills:
 + Level 4.4 Fighting
 + Level 2.4 Armour
 + Level 7.4 Dodging
 + Level 12.1 Unarmed Combat
 + Level 8.5 Shapeshifting


You knew the following spells:

 Your Spells              Type           Power      Damage    Failure   Level
a - Summon Small Mammal   Summ           0%         N/A       78%         1
b - Scorch                Fire           0%         2d5       89%         2
c - Portal Projectile     Hex/Tloc       0%         N/A       98%         3
Your spell library was empty.

Dungeon Overview and Level Annotations

Branches:
Dungeon (1/1)

Altars:
Ashenzari
Cheibriados
Dithmenos
Elyvilon
Fedhas
Gozag
Hepliaklqana
Makhleb
Nemelex Xobeh
Okawaru
Qazlal
Ru
Trog
Uskayaw
Wu Jian
Xom
Yredelemnul
Zin
The Shining One
Jiyva
Lugonu


Innate Abilities, Weirdness & Mutations

You are a hulking beast.
Your limbs bulge with bestial killing power. (Slay +4)
You are flying.
You are immune to sickness and miasma.
You are immune to poison.
Your flesh is very heat resistant. (rF++)
You are vulnerable to cold. (rC-)
You float through the air rather than walking.
You learn spells naturally, not from books.
Your magical power is your life essence.
You have superior vitality. (+4 MHP)


Message History

Unknown command.
You hit the boulder beetle but do no damage.
The boulder beetle is heavily wounded.
The boulder beetle leaps!
The boulder beetle bites you!
* * * LOW HITPOINT WARNING * * *
There is an open door, spattered with blood here.
You punch the boulder beetle!
The boulder beetle is heavily wounded.
You hit the boulder beetle.
The boulder beetle is heavily wounded.
The boulder beetle bites you!
* * * LOW HITPOINT WARNING * * *
You hit the boulder beetle.
The boulder beetle is heavily wounded.
You feel much better.
The boulder beetle bites you but does no damage.
A red film seems to cover your vision as you go berserk!
You feel yourself moving faster!
You feel mighty!
The boulder beetle leaps!
You feel a strong urge to attack something.
There is an open door, spattered with blood here.
You see here a +0 spear.
There is an open door here.
You feel your anger nearly subside.
The boulder beetle leaps!
You are no longer berserk.
You are exhausted.
You feel yourself slow down.
There is an open door, spattered with blood here.
You see here a +0 spear.
The boulder beetle leaps!
Things that are here:
a +0 club; a +0 trident; a +0 ring mail The boulder beetle bites you!
There is an open door, spattered with blood here.
You hit the boulder beetle but do no damage.
The boulder beetle is heavily wounded.
The boulder beetle bites you!!
You die...
Your body crumbles into a pile of gold.

#.#.....#..##.......#
#.####'##'###...<...#
#.#........##.......#
#.#........##.......#
#)###########.......#
#..#.#.##..##########
#.......#.###########
##.#.#.##B#....#...[#
#.......#h#....#..[.#
##.#.#.##)'....'..).#
#.......#)#....#..))#
##.#.#..'.#....#..))#
####################


You could see a boulder beetle.

Vanquished Creatures
  A flying skull (D)
  A redback (D)
  A water moccasin (D)
  Pargi (D)
  A wolf (D)
  A gnoll sergeant (D)
  A scorpion (D)
  3 crimson imps (D)
  A jelly (D)
  3 gnolls (D)
  An adder (D)
  A river rat (D)
  A white imp (D)
  An ufetubus (D)
  A worm (D)
  An orc (D)
  A ball python (D)
  A bat skeleton (D)
  A hobgoblin (D)
  2 bats (D)
  A frilled lizard (D)
26 creatures vanquished.

Notes
Turn   | Place    | Note
-------+----------+-------------------------------------------
     0 | D        | rocky1 the Djinni Shapeshifter began the quest for the Orb.
     0 | D        | Reached XP level 1. HP: 17/17 MP: 0/0
    22 | D        | Reached XP level 2. HP: 20/22 MP: 0/0
    26 | D        | Found a bloodstained altar of Trog.
    26 | D        | Found a viscous altar of Jiyva.
    26 | D        | Found a hazy altar of Hepliaklqana.
    26 | D        | Found an opulent altar of Gozag.
    28 | D        | Found a glowing golden altar of the Shining One.
    28 | D        | Found a glowing silver altar of Zin.
    28 | D        | Found a basalt altar of Yredelemnul.
    28 | D        | Found a shimmering altar of Xom.
    28 | D        | Found an ornate altar of the Wu Jian Council.
    28 | D        | Found a sacrificial altar of Ru.
    28 | D        | Found a stormy altar of Qazlal.
    28 | D        | Found an iron altar of Okawaru.
    28 | D        | Found a sparkling altar of Nemelex Xobeh.
    28 | D        | Found a burning altar of Makhleb.
    28 | D        | Found a blossoming altar of Fedhas.
    28 | D        | Found a white marble altar of Elyvilon.
    28 | D        | Found a shadowy altar of Dithmenos.
    28 | D        | Found a snail-covered altar of Cheibriados.
    32 | D        | Found a corrupted altar of Lugonu.
    33 | D        | Found a broken altar of Ashenzari.
    33 | D        | Found a hide-covered altar of Uskayaw.
    35 | D        | Became a worshipper of Gozag Ym Sagoz the Greedy
    66 | D        | Noticed a scorpion
    73 | D        | Killed a scorpion
    74 | D        | Reached skill level 5 in Unarmed Combat
    74 | D        | Reached skill level 5 in Shapeshifting
    74 | D        | Reached XP level 3. HP: 22/27 MP: 0/0
    74 | D        | Learned a level 1 spell: Summon Small Mammal
    74 | D        | Reached XP level 4. HP: 26/32 MP: 0/0
   155 | D        | Reached skill level 6 in Unarmed Combat
   232 | D        | Noticed a wolf
   232 | D        | Noticed a flying skull
   232 | D        | Noticed a water moccasin
   241 | D        | Killed a wolf
   242 | D        | Reached skill level 7 in Unarmed Combat
   242 | D        | Reached XP level 5. HP: 38/38 MP: 0/0
   242 | D        | Learned a level 2 spell: Scorch
   247 | D        | Killed a flying skull
   248 | D        | Reached skill level 5 in Dodging
   248 | D        | Reached skill level 9 in Unarmed Combat
   248 | D        | Reached XP level 6. HP: 46/46 MP: 0/0
   255 | D        | Killed a water moccasin
   256 | D        | Reached skill level 10 in Unarmed Combat
   256 | D        | Reached XP level 7. HP: 50/50 MP: 0/0
   256 | D        | Learned a level 3 spell: Portal Projectile
   320 | D        | Reached skill level 1 in Armour
   323 | D        | Noticed Pargi
   327 | D        | Killed Pargi
   333 | D        | Reached skill level 11 in Unarmed Combat
   447 | D        | Noticed a boulder beetle
   447 | D        | Noticed a redback
   458 | D        | Killed a redback
   459 | D        | Reached XP level 8. HP: 21/58 MP: 0/0
   471 | D        | Reached skill level 12 in Unarmed Combat
   771 | D        | HP: 2/58 [boulder beetle (34)]
   786 | D        | Slain by a boulder beetle

Illustrated notes

Levels and vault maps discovered:
D:        pitsprint [storerooms_1, entrance_room_1, metal_vault_5, armoury_1,
          mini_pit_1, grid_room_1, main_hall_1, silver_pit, the_coven_2,
          the_vestibule_1, steel_vault_1, golden_pit, hallway_of_sentries,
          crystal_vault_2, iron_vault_3, final_vault]

Skill      XL: |  1  2  3  4  5  6  7  8 |
---------------+-------------------------+-----
Shapeshifting  | 3 5 6 7 8 |  8.5
Dodging        | 3 4 5 6 7 |  7.4
Unarmed Combat | 5 7 9 10 11 12 | 12.1
Fighting       | 2 3 4 |  4.4
Armour         | 2 |  2.4

Action                     |  1- 3 |  4- 6 |  7- 9 || total
---------------------------+-------+-------+-------++-------
  Melee: Unarmed           |    15 |    41 |    66 ||   122
         Punch             |     2 |       |     3 ||     5
    Use: Potion            |       |     1 |     8 ||     9
 Armour: Animal skin       |     6 |    15 |       ||    21
         Scale mail        |       |     8 |    48 ||    56
  Dodge: Dodged            |    13 |    33 |    33 ||    79

Table legend: (Time is in decaauts)
 A = Elapsed time spent in this place.
 B = Non-inter-level travel time spent in this place.
 C = Inter-level travel time spent in this place.
 D = Time resting spent in this place.
 E = Time spent auto-exploring this place.
 F = Levels seen in this place.
 G = Mean time per level.
                   A        B        C        D        E       F      G
               +--------+--------+--------+--------+--------+-----+--------+
         Total |    761 |    742 |     19 |    339 |      0 |   1 |  761.0 |
       Dungeon |    761 |    742 |     19 |    339 |      0 |   1 |  761.0 |
               +--------+--------+--------+--------+--------+-----+--------+

Top non-repeatable levels by time:
       D: 761 daAuts
